TOP OF THE 1ST |
Chicago White Sox batting - Pitching for Minnesota Twins : RHP Reynaldo Lopez
|
Pitching: RHP Reynaldo Lopez
|
|
Batting: LHB Andrew Toles
|
0-0: Ball 1-0: Ground out 4-3 (Groundball, 4)
|
Batting: LHB Michael Brantley
|
0-0: SINGLE (Line Drive, 8LS)
|
Batting: LHB Charlie Blackmon
|
0-0: Called Strike 0-1: Called Strike 0-2: Ball 1-2: Ball 2-2: Foul Ball, location: 2F 2-2: Ball 3-2: Grounds into double play, 4-6-3 (Groundball, 34D)
|
Top of the 1st over - 0 runs, 1 hit, 0 errors, 0 left on base; Chicago 0 - Minnesota 0 |
BOTTOM OF THE 1ST |
Minnesota Twins batting - Pitching for Chicago White Sox : RHP Rubby De La Rosa
|
Pitching: RHP Rubby De La Rosa
|
|
Batting: RHB Ian Kinsler
|
0-0: Foul Ball, location: 2F 0-1: SINGLE (Line Drive, 5D)
|
Batting: LHB Freddie Freeman
|
0-0: Called Strike 0-1: Ball 1-1: SINGLE (Groundball, 34D) Ian Kinsler to second Runner from 2nd tries for 3rd, SAFE, throw made to third
|
Batting: RHB Whit Merrifield
|
0-0: Ground out 4-3 (Groundball, 34) Ian Kinsler scores Freddie Freeman to second
|
Batting: SHB Kendrys Morales
|
0-0: Ball 1-0: SINGLE (Groundball, 6MD) Freddie Freeman to third
|
Batting: RHB Avisail Garcia
|
0-0: Ball 1-0: Foul Ball, location: 2F 1-1: Ball 2-1: Ball Wild Pitch! Freddie Freeman scores Kendrys Morales to second 3-1: Called Strike 3-2: 2-RUN HOME RUN (Line Drive, 78XD), Distance : 409 ft
|
Batting: RHB Adam Jones
|
0-0: Foul Ball, location: 2F 0-1: Ground out 6-3 (Groundball, 6)
|
Batting: RHB Maikel Franco
|
0-0: Ball 1-0: Called Strike 1-1: Swinging Strike 1-2: Ground out 5-3 (Groundball, 5)
|
Bottom of the 1st over - 4 runs, 4 hits, 0 errors, 0 left on base; Chicago 0 - Minnesota 4 |
TOP OF THE 2ND |
Chicago White Sox batting - Pitching for Minnesota Twins : RHP Reynaldo Lopez
|
Batting: RHB Justin Turner
|
0-0: Called Strike 0-1: Swinging Strike 0-2: Ground out 4-3 (Groundball, 34D)
|
Batting: LHB Daniel Murphy
|
0-0: Ball 1-0: Ball 2-0: SINGLE (Line Drive, 3L)
|
Batting: RHB J.D. Martinez
|
0-0: Ball 1-0: Foul Ball, location: 2F 1-1: Fly out, F7 (Line Drive, 7)
|
Batting: LHB Corey Seager
|
0-0: Called Strike 0-1: Ball 1-1: Ball Wild Pitch! Daniel Murphy to second 2-1: Foul Ball, location: 2F 2-2: Strikes out swinging
|
Top of the 2nd over - 0 runs, 1 hit, 0 errors, 1 left on base; Chicago 0 - Minnesota 4 |
BOTTOM OF THE 2ND |
Minnesota Twins batting - Pitching for Chicago White Sox : RHP Rubby De La Rosa
|
Batting: RHB Chris Iannetta
|
0-0: Ball 1-0: Ball 2-0: Called Strike 2-1: Called Strike 2-2: Ball 3-2: Base on Balls
|
Batting: RHB Miguel Rojas
|
0-0: Called Strike 0-1: Fly out, F7 (Flyball, 7)
|
Batting: RHB Ian Kinsler
|
0-0: Called Strike 0-1: Fly out, F8 (Flyball, 8LS)
|
Batting: LHB Freddie Freeman
|
0-0: Ball 1-0: Foul Ball, location: 2F 1-1: Ball 2-1: Foul Ball, location: 2F 2-2: Foul Ball, location: 2F 2-2: Foul Ball, location: 2F 2-2: SINGLE (Groundball, 34) (infield hit) Chris Iannetta to second
|
Batting: RHB Whit Merrifield
|
0-0: Ball 1-0: Fly out, F9 (Flyball, 9S)
|
Bottom of the 2nd over - 0 runs, 1 hit, 0 errors, 2 left on base; Chicago 0 - Minnesota 4 |
TOP OF THE 3RD |
Chicago White Sox batting - Pitching for Minnesota Twins : RHP Reynaldo Lopez
|
Batting: LHB Brandon Belt
|
0-0: Called Strike 0-1: Swinging Strike 0-2: Ball 1-2: Ball 2-2: Ball 3-2: Fly out, F9 (Flyball, 89M)
|
Batting: RHB Jonathan Lucroy
|
0-0: Foul Ball, location: 2F 0-1: Ball 1-1: Ball 2-1: Foul Ball, location: 2F 2-2: Ground out 1-3 (Groundball, 13S)
|
Batting: LHB Andrew Toles
|
0-0: Foul Ball, location: 2F 0-1: Ball 1-1: Called Strike 1-2: Ball 2-2: Foul Ball, location: 2F 2-2: Ball 3-2: Foul Ball, location: 2F 3-2: Fly out, F8 (Flyball, 8RD)
|
Top of the 3rd over - 0 runs, 0 hits, 0 errors, 0 left on base; Chicago 0 - Minnesota 4 |
BOTTOM OF THE 3RD |
Minnesota Twins batting - Pitching for Chicago White Sox : RHP Rubby De La Rosa
|
Batting: SHB Kendrys Morales
|
0-0: Swinging Strike 0-1: Foul Ball, location: 2F 0-2: Strikes out swinging
|
Batting: RHB Avisail Garcia
|
0-0: Ball 1-0: Foul Ball, location: 2F 1-1: Swinging Strike 1-2: Ball 2-2: Ball 3-2: Strikes out swinging
|
Batting: RHB Adam Jones
|
0-0: Ball 1-0: Called Strike 1-1: Ball 2-1: SINGLE (Groundball, 56D)
|
Batting: RHB Maikel Franco
|
0-0: Ball 1-0: Ball 2-0: Called Strike 2-1: Ball 3-1: SINGLE (Flyball, 7S) Adam Jones to second
|
Batting: RHB Chris Iannetta
|
0-0: Called Strike 0-1: Swinging Strike 0-2: Foul Ball, location: 2F 0-2: Ball 1-2: Strikes out swinging
|
Bottom of the 3rd over - 0 runs, 2 hits, 0 errors, 2 left on base; Chicago 0 - Minnesota 4 |
TOP OF THE 4TH |
Chicago White Sox batting - Pitching for Minnesota Twins : RHP Reynaldo Lopez
|
Batting: LHB Michael Brantley
|
0-0: Ball 1-0: Called Strike 1-1: Fly out, F9 (Line Drive, 9D)
|
Batting: LHB Charlie Blackmon
|
0-0: Called Strike 0-1: Ball 1-1: Foul Ball, location: 2F 1-2: Foul Ball, location: 2F 1-2: Strikes out looking
|
Batting: RHB Justin Turner
|
0-0: Ball 1-0: Swinging Strike 1-1: Foul Ball, location: 2F 1-2: SINGLE (Groundball, 56D)
|
Batting: LHB Daniel Murphy
|
0-0: Called Strike 0-1: Ball 1-1: 2-RUN HOME RUN (Flyball, 9LD), Distance : 340 ft
|
Batting: RHB J.D. Martinez
|
0-0: Called Strike 0-1: Called Strike 0-2: Ground out 4-3 (Groundball, 4)
|
Top of the 4th over - 2 runs, 2 hits, 0 errors, 0 left on base; Chicago 2 - Minnesota 4 |
BOTTOM OF THE 4TH |
Minnesota Twins batting - Pitching for Chicago White Sox : RHP Rubby De La Rosa
|
Batting: RHB Miguel Rojas
|
0-0: Fly out, F4 (Line Drive, 4)
|
Batting: RHB Ian Kinsler
|
0-0: Ball 1-0: SINGLE (Groundball, 6) (infield hit)
|
Batting: LHB Freddie Freeman
|
0-0: Ball 1-0: Ball 2-0: Foul Ball, location: 2F 2-1: Ball 3-1: Foul Ball, location: 2F 3-2: Foul Ball, location: 2F 3-2: Strikes out looking
|
Batting: RHB Whit Merrifield
|
0-0: Ball 1-0: Ball 2-0: Ball 3-0: Ground out 6-3 (Groundball, 6S)
|
Bottom of the 4th over - 0 runs, 1 hit, 0 errors, 1 left on base; Chicago 2 - Minnesota 4 |
TOP OF THE 5TH |
Chicago White Sox batting - Pitching for Minnesota Twins : RHP Reynaldo Lopez
|
Batting: LHB Corey Seager
|
0-0: Called Strike 0-1: Called Strike 0-2: Ball 1-2: DOUBLE (Line Drive, 78XD)
|
Batting: LHB Brandon Belt
|
0-0: Ball 1-0: Foul Ball, location: 2F 1-1: Fly out, F8 (Flyball, 8RM)
|
Batting: RHB Jonathan Lucroy
|
0-0: Foul Ball, location: 2F 0-1: SINGLE (Groundball, 56D) Corey Seager to third Runner from 3rd tries for Home, SAFE, throw made home
|
Batting: LHB Andrew Toles
|
0-0: Ball Jonathan Lucroy steals 2nd base 1-0: Ground out 4-3 (Groundball, 4M) Jonathan Lucroy to third
|
Batting: LHB Michael Brantley
|
0-0: Ball 1-0: Called Strike 1-1: Ball 2-1: Called Strike 2-2: SINGLE (Line Drive, 78S) Jonathan Lucroy scores
|
Pitching: RHP Victor Arano
|
|
Batting: LHB Charlie Blackmon
|
0-0: Ball 1-0: Called Strike 1-1: Ball 2-1: Fly out, F6 (Popup, 6D)
|
Top of the 5th over - 2 runs, 3 hits, 0 errors, 1 left on base; Chicago 4 - Minnesota 4 |
BOTTOM OF THE 5TH |
Minnesota Twins batting - Pitching for Chicago White Sox : RHP Rubby De La Rosa
|
Pitching: RHP Antonio Senzatela
|
|
Batting: SHB Kendrys Morales
|
0-0: Ball 1-0: Called Strike 1-1: Ground out 1-3 (Groundball, 13)
|
Batting: RHB Avisail Garcia
|
0-0: Ground out 6-3 (Groundball, 6)
|
Batting: RHB Adam Jones
|
0-0: Ground out 4-3 (Groundball, 4)
|
Bottom of the 5th over - 0 runs, 0 hits, 0 errors, 0 left on base; Chicago 4 - Minnesota 4 |
TOP OF THE 6TH |
Chicago White Sox batting - Pitching for Minnesota Twins : RHP Victor Arano
|
Batting: RHB Justin Turner
|
0-0: Ball 1-0: Called Strike 1-1: Foul Ball, location: 2F 1-2: Foul Ball, location: 2F 1-2: Ball 2-2: Foul Ball, location: 2F 2-2: Ground out 5-3 (Groundball, 5)
|
Batting: LHB Daniel Murphy
|
0-0: Ball 1-0: Called Strike 1-1: Called Strike 1-2: Strikes out looking
|
Batting: RHB J.D. Martinez
|
0-0: Called Strike 0-1: Ball 1-1: Foul Ball, location: 2F 1-2: Foul Ball, location: 2F 1-2: Strikes out looking
|
Top of the 6th over - 0 runs, 0 hits, 0 errors, 0 left on base; Chicago 4 - Minnesota 4 |
BOTTOM OF THE 6TH |
Minnesota Twins batting - Pitching for Chicago White Sox : RHP Antonio Senzatela
|
Batting: RHB Maikel Franco
|
0-0: Called Strike 0-1: Called Strike 0-2: Ball 1-2: Foul Ball, location: 2F 1-2: Strikes out swinging
|
Batting: RHB Chris Iannetta
|
0-0: Called Strike 0-1: Ball 1-1: Ball 2-1: Foul Ball, location: 2F 2-2: Ball 3-2: Base on Balls
|
Batting: RHB Miguel Rojas
|
0-0: Hit by Pitch Chris Iannetta to second
|
Batting: RHB Ian Kinsler
|
0-0: Swinging Strike 0-1: Reached on error, E6 (Groundball, 56) Chris Iannetta to third Miguel Rojas to second
|
Batting: LHB Freddie Freeman
|
0-0: Foul Ball, location: 2F 0-1: Foul Ball, location: 2F 0-2: Ball 1-2: Ball 2-2: Foul Ball, location: 2F 2-2: Ball 3-2: Foul Ball, location: 2F 3-2: Grounds into fielders choice 6-2 (Groundball, 6D) Miguel Rojas to third Ian Kinsler to second
|
Batting: RHB Whit Merrifield
|
0-0: Ball 1-0: Ball 2-0: Ball 3-0: Called Strike 3-1: Ground out 4-3 (Groundball, 4)
|
Bottom of the 6th over - 0 runs, 0 hits, 1 error, 3 left on base; Chicago 4 - Minnesota 4 |
TOP OF THE 7TH |
Chicago White Sox batting - Pitching for Minnesota Twins : RHP Victor Arano
|
Pitching: RHP A.J. Ramos
|
|
Batting: LHB Corey Seager
|
0-0: Ground out 4-3 (Groundball, 4M)
|
Batting: LHB Brandon Belt
|
0-0: Ball 1-0: Ball 2-0: Called Strike 2-1: Ball 3-1: Base on Balls
|
Batting: RHB Jonathan Lucroy
|
0-0: Foul Ball, location: 2F 0-1: Called Strike 0-2: Strikes out swinging
|
Batting: LHB Andrew Toles
|
0-0: Fly out, F7 (Flyball, 7)
|
Top of the 7th over - 0 runs, 0 hits, 0 errors, 1 left on base; Chicago 4 - Minnesota 4 |
BOTTOM OF THE 7TH |
Minnesota Twins batting - Pitching for Chicago White Sox : RHP Antonio Senzatela
|
Pitching: LHP Richard Lovelady
|
|
Batting: SHB Kendrys Morales
|
0-0: Ground out 6-3 (Groundball, 6)
|
Batting: RHB Avisail Garcia
|
0-0: Fly out, F8 (Flyball, 8LS)
|
Batting: RHB Adam Jones
|
0-0: Fly out, F7 (Flyball, 78S)
|
Bottom of the 7th over - 0 runs, 0 hits, 0 errors, 0 left on base; Chicago 4 - Minnesota 4 |
TOP OF THE 8TH |
Chicago White Sox batting - Pitching for Minnesota Twins : RHP A.J. Ramos
|
Batting: LHB Michael Brantley
|
0-0: Ball 1-0: Ball 2-0: Called Strike 2-1: Fly out, F7 (Flyball, 7LSF)
|
Batting: LHB Charlie Blackmon
|
0-0: Foul Ball, location: 2F 0-1: Ball 1-1: Ball 2-1: Swinging Strike 2-2: Strikes out swinging
|
Batting: RHB Justin Turner
|
0-0: Called Strike 0-1: Ball 1-1: Ball 2-1: Ball 3-1: Called Strike 3-2: Strikes out swinging
|
Top of the 8th over - 0 runs, 0 hits, 0 errors, 0 left on base; Chicago 4 - Minnesota 4 |
BOTTOM OF THE 8TH |
Minnesota Twins batting - Pitching for Chicago White Sox : LHP Richard Lovelady
|
Batting: RHB Maikel Franco
|
0-0: Called Strike 0-1: Foul Ball, location: 2F 0-2: Ball 1-2: SOLO HOME RUN (Flyball, 7LD), Distance : 363 ft
|
Batting: RHB Chris Iannetta
|
0-0: Ball 1-0: Called Strike 1-1: Ball 2-1: Ball 3-1: Base on Balls
|
Batting: RHB Miguel Rojas
|
0-0: Swinging Strike 0-1: Foul Ball, location: 2F 0-2: Ball 1-2: Foul Ball, location: 2F 1-2: 2-RUN HOME RUN (Flyball, 7D), Distance : 357 ft
|
Pitching: RHP Jacob Rhame
|
|
Batting: RHB Ian Kinsler
|
0-0: Ball 1-0: Called Strike 1-1: Called Strike 1-2: Ball 2-2: Foul Ball, location: 2F 2-2: Fly out, F7 (Flyball, 78M)
|
Batting: LHB Freddie Freeman
|
0-0: Ball 1-0: Called Strike 1-1: Ball 2-1: Ball 3-1: Foul Ball, location: 2F 3-2: Base on Balls
|
Pitching: LHP Brian Clark
|
|
Batting: RHB Whit Merrifield
|
0-0: Foul Ball, location: 2F 0-1: Ball 1-1: Ball 2-1: DOUBLE (Groundball, 5L) Freddie Freeman to third
|
Batting: SHB Kendrys Morales
|
0-0: Ball 1-0: Fly out, F8 (Flyball, 8LS)
|
Batting: RHB Avisail Garcia
|
0-0: Ground out 6-3 (Groundball, 56)
|
Bottom of the 8th over - 3 runs, 3 hits, 0 errors, 2 left on base; Chicago 4 - Minnesota 7 |
TOP OF THE 9TH |
Chicago White Sox batting - Pitching for Minnesota Twins : RHP A.J. Ramos
|
Batting: LHB Daniel Murphy
|
0-0: Swinging Strike 0-1: Ball 1-1: Ground out 4-3 (Groundball, 4M)
|
Batting: RHB J.D. Martinez
|
0-0: Called Strike 0-1: Ball 1-1: Ball 2-1: Swinging Strike 2-2: Ball 3-2: Foul Ball, location: 2F 3-2: Strikes out swinging
|
Batting: LHB Corey Seager
|
0-0: Ball 1-0: Ball 2-0: Fly out, F7 (Line Drive, 7)
|
Top of the 9th over - 0 runs, 0 hits, 0 errors, 0 left on base; Chicago 4 - Minnesota 7 |
|